 Dungeon Crawl Stone Soup version 0.25.0-46-gbd7b0854d2 (webtiles) character file.

Game seed: 8385586414421480014

16355 Elvor the Fighter (level 12, -22/112 HPs)
             Began as a Minotaur Hunter on July 17, 2020.
             Was a High Priest of Okawaru.
             Annihilated by a white ugly thing (43 damage)
             ... on level 12 of the Dungeon.
             The game lasted 02:16:43 (11673 turns).

Elvor the Fighter (Minotaur Hunter)                Turns: 11673, Time: 02:16:44

Health: -22/112    AC: 12    Str: 25    XL:     12   Next: 9%
Magic:  14/14      EV: 13    Int:  9    God:    Okawaru [*****.]
Gold:   690        SH:  5    Dex: 12    Spells: 11/11 levels left

rFire    + + .     SeeInvis .   G - +1 war axe (vorpal)
rCold    x . .     Gourm    .   v - +0 buckler
rNeg     . . .     Faith    .   D - +1 leather armour of the Beginning {*Contam +Blink rElec}
rPois    .         Spirit   .   (helmet restricted)
rElec    +         Reflect  .   R - +0 cloak
rCorr    .         Harm     .   y - +1 pair of gloves {Str+3}
MR       .....                  V - +2 pair of boots of Plog {rElec Str+2}
Stlth    ++........             (no amulet)
HPRegen  0.28/turn              Y - ring of protection from fire
MPRegen  0.14/turn              P - ring of fire

@: no status effects
A: retaliatory headbutt, horns 2
a: Heroism, Finesse, Renounce Religion, Evoke Blink


You were on level 12 of the Dungeon.
You worshipped Okawaru.
Okawaru was extremely pleased with you.
You were not hungry.

You visited 2 branches of the dungeon, and saw 13 of its levels.
You also visited: Bailey.

You collected 954 gold pieces.
You spent 264 gold pieces at shops.

Inventory:

Hand Weapons
 a - a +1 hand crossbow
 c - a +0 war axe of draining
 F - the +5 spear of the Bruised Blessings {drain, MP-9 Str+8 Int-2}
   (You found it on level 6 of the Dungeon)

   A truly terrible weapon, it drains the life of those it strikes.
   It affects your strength (+8).
   It affects your intelligence (-2).
   It affects your magic capacity (-9).
 G - a +1 vorpal war axe (weapon)
 W - a +1 vorpal hand crossbow
Missiles
 d - 2 bolts
 g - 4 javelins
 h - 20 atropa-tipped darts
 j - 9 curare-tipped darts
 p - 7 datura-tipped darts
 s - 19 boomerangs (quivered)
 t - 37 poisoned darts
Armour
 v - a +0 buckler (worn)
 y - a +1 pair of gloves of strength (worn)
 D - the +1 leather armour of the Beginning (worn) {*Contam +Blink rElec}
   (You found it on level 11 of the Dungeon)

   It insulates you from electricity.
   It lets you blink.
   It causes magical contamination when unequipped.
 J - a +0 plate armour
 L - the +0 pair of gloves of Deacix {Harm Stlth+}
   (You found it on level 11 of the Dungeon)

   It increases damage dealt and taken.
   It makes you more stealthy.
 R - a +0 cloak (worn)
 U - +1 steam dragon scales
 V - the +2 pair of boots of Plog (worn) {rElec Str+2}
   (You found it in a bailey)

   It affects your strength (+2).
   It insulates you from electricity.
 X - a +0 pair of boots
Jewellery
 l - an uncursed ring of ice
 P - a ring of fire (right hand)
 Y - a ring of protection from fire (left hand)
Wands
 I - a wand of disintegration (14)
 M - a wand of flame (16)
 T - a wand of iceblast (5)
Scrolls
 b - a scroll of amnesia {unknown}
 e - a scroll of acquirement {unknown}
 i - a scroll of blinking
 n - 2 scrolls of fear
 o - 6 scrolls of remove curse
 u - 3 scrolls of teleportation
 x - a scroll of fog {unknown}
 B - 2 scrolls of enchant armour
 C - 2 scrolls of enchant weapon
 E - 2 scrolls of random uselessness {unknown}
 S - a scroll of silence {unknown}
Potions
 k - a potion of brilliance
 m - 3 potions of curing
 r - 6 potions of berserk rage
 w - a potion of haste {unknown}
 z - 2 potions of lignification {unknown}
 A - 4 potions of flight
 H - 3 potions of stabbing
 K - 2 potions of might {unknown}
 N - 3 potions of mutation
 O - a potion of resistance {unknown}
 Q - 2 potions of invisibility
Comestibles
 f - 21 rations
 q - 2 chunks of flesh


   Skills:
 * Level 12.1 Fighting
   Level 3.4 Short Blades
 + Level 8.6 Axes
 + Level 10.8 Crossbows
 + Level 2.7 Throwing
 * Level 10.5 Armour
 + Level 4.3 Dodging
 - Level 1.6 Stealth
 * Level 5.2 Shields
 * Level 4.2 Invocations
 * Level 1.3 Evocations


You had 11 spell levels left.
You didn't know any spells.
Your spell library contained the following spells:

 Spells                   Type           Power        Failure   Level  Hunger
 Apportation              Tloc           #.....       41%         1    ##.....
 Beastly Appendage        Tmut           #.....       41%         1    ##.....
 Corona                   Hex            #......      41%         1    ##.....
 Ensorcelled Hibernation  Hex/Ice        #.....       56%         2    ###....
 Poisonous Vapours        Pois/Air       #.....       56%         2    ###....
 Sticks to Snakes         Tmut           #.......     56%         2    ###....
 Confusing Touch          Hex            #.......     80%         3    ####...
 Dazzling Flash           Conj/Hex       #.....       80%         3    ####...
 Lesser Beckoning         Tloc           #.........   80%         3    ####...
 Spider Form              Tmut/Pois      #.........   80%         3    ####...
 Tukima's Dance           Hex            #.......     80%         3    ####...
 Ice Form                 Ice/Tmut       #.......     99%         4    #####..
 Alistair's Intoxication  Tmut/Pois      #.......     100%        5    ######.
 Blade Hands              Tmut           #.........   100%        5    ######.
 Dispersal                Tloc           #.........   100%        6    #######


Dungeon Overview and Level Annotations

Branches:
Dungeon (12/15)            Temple (1/1) D:6            Lair (0/6) D:10
    Orc (0/2) D:11         Bailey (visited)

Altars:
Ashenzari
Cheibriados
Dithmenos
Elyvilon
Fedhas
Gozag
Hepliaklqana
Kikubaaqudgha
Makhleb
Nemelex Xobeh
Okawaru
Qazlal
Ru
Sif Muna
Trog
Uskayaw
Vehumet
Wu Jian
Xom
Yredelemnul
Zin
The Shining One

Shops:
D:5 !   D:7 [


Innate Abilities, Weirdness & Mutations

You reflexively headbutt those who attack you in melee.
You have a pair of horns on your head.


Message History

* * * LOW HITPOINT WARNING * * *
You hit the white ugly thing.
The white ugly thing is severely wounded.
The white ugly thing closely misses you.
You closely miss the white ugly thing.
Your headbutt misses the white ugly thing.
The white ugly thing is severely wounded.
The white ugly thing barely misses you. You furiously retaliate!
You headbutt the white ugly thing, but do no damage.
You hit the white ugly thing.
Your headbutt misses the white ugly thing.
The white ugly thing is severely wounded.
The white ugly thing completely misses you.
Okay, then.
You closely miss the white ugly thing.
The white ugly thing is severely wounded.
The white ugly thing tail-slaps you.
* * * LOW HITPOINT WARNING * * *
The white ugly thing freezes you!!!
You feel a terrible chill!
You die...

#####...#######
#.......#
#.......#
#.......#
#.......#+###
#............
#........##
#........#
#.....@..#
#......u.#
#######..# ...(
).... .......
...(... ......(


You could see a white ugly thing.

Vanquished Creatures
  2 two-headed ogres
  An orc knight (Bailey)
  A deep elf mage (D:12)
  A cyclops (D:11)
  A centaur zombie (D:11)
  2 kobold demonologists (D:11)
  A komodo dragon (D:11)
  A troll (D:10)
  2 hippogriffs
  A wyvern (D:9)
  The ghost of RUZZLEFAZAZZLE the Chopper, an amateur GnCK of Xom (D:4)
  23 yaks
  A steam dragon (D:10)
  2 basilisks (D:10)
  A hungry ghost (D:10)
  An acid dragon (D:12)
  2 insubstantial wisps (D:10)
  2 water moccasins
  An acid dragon (shapeshifter) (D:11)
  3 porcupines (D:10)
  10 orc warriors
  3 ice beasts
  5 sky beasts
  5 ogres
  A black bear (D:10)
  A phantom (D:8)
  A necrophage (D:8)
  4 wolves (D:10)
  A crocodile (D:10)
  13 centaurs
  2 big kobolds
  5 bullfrogs
  Blork the orc (D:5)
  4 scorpions
  A hornet simulacrum (D:12)
  14 wights
  5 killer bees (D:11)
  2 bullfrog zombies
  6 crimson imps
  2 centaur skeletons
  2 quasits
  8 hounds
  3 jellies
  A bullfrog skeleton (D:9)
  8 orc priests
  12 worker ants
  4 iguanas
  10 orc wizards
  A hound zombie (D:10)
  3 gnolls (D:8)
  2 river rats (D:5)
  9 adders
  A howler monkey skeleton (D:5)
  3 shadow imps
  An adder zombie (D:7)
  An adder skeleton (D:4)
  4 worms
  2 dart slugs
  8 leopard geckos
  60 orcs
  4 ball pythons
  6 bats
  12 giant cockroaches
  A goblin (D:1)
  5 hobgoblins
  4 jackals (D:1)
  8 kobolds
  3 quokkas
  4 frilled lizards
  A jackal zombie (D:9)
  5 rats
  A plant (D:12)
333 creatures vanquished.

Vanquished Creatures (others)
  A fungus (D:10)
  A plant (D:10)
2 creatures vanquished.

Grand Total: 335 creatures vanquished

Notes
Turn   | Place    | Note
-------+----------+-------------------------------------------
     0 | D:1      | Elvor the Minotaur Hunter began the quest for the Orb.
     0 | D:1      | Reached XP level 1. HP: 18/18 MP: 0/0
   146 | D:1      | Reached XP level 2. HP: 23/25 MP: 1/1
   185 | D:1      | Reached skill level 5 in Crossbows
   757 | D:2      | Reached XP level 3. HP: 30/30 MP: 2/2
   832 | D:2      | Reached skill level 3 in Fighting
  1207 | D:2      | Reached XP level 4. HP: 38/38 MP: 3/3
  1371 | D:3      | Found a blossoming altar of Fedhas.
  1387 | D:3      | Found an ancient bone altar of Kikubaaqudgha.
  1471 | D:3      | Found a shattered altar of Ashenzari.
  1937 | D:3      | Reached skill level 1 in Stealth
  1999 | D:4      | Reached skill level 1 in Armour
  1999 | D:4      | Reached XP level 5. HP: 16/46 MP: 4/4
  2049 | D:4      | Reached skill level 4 in Fighting
  2196 | D:4      | Found a sparkling altar of Nemelex Xobeh.
  2234 | D:4      | Reached skill level 1 in Short Blades
  2403 | D:4      | Found a runed translucent gate.
  2424 | D:4      | Found a runed translucent gate.
  2425 | D:4      | Found a runed translucent gate.
  2432 | D:4      | Noticed RUZZLEFAZAZZLE's ghost (amateur GnCK)
  2468 | D:4      | Reached XP level 6. HP: 53/53 MP: 5/5
  2588 | D:5      | Entered Level 5 of the Dungeon
  2594 | D:5      | Noticed an ice beast
  2613 | D:4      | Killed an ice beast
  2634 | D:4      | Reached XP level 7. HP: 51/60 MP: 6/6
  2773 | D:5      | You fall into a shaft and drop 3 floors!
  2788 | D:8      | Reached skill level 5 in Fighting
  3042 | D:6      | Got a steaming spear
  3054 | D:5      | Identified the +5 spear of the Bruised Blessings {drain,
                  | MP-9 Str+8 Int-2} (You found it on level 6 of the Dungeon)
  3101 | D:5      | Found a white marble altar of Elyvilon.
  3121 | D:5      | Reached XP level 8. HP: 44/70 MP: 7/7
  3144 | D:5      | Found a shadowy altar of Dithmenos.
  3153 | D:5      | Found a bloodstained altar of Trog.
  3154 | D:5      | Found a glowing golden altar of the Shining One.
  3261 | D:5      | Reached skill level 6 in Fighting
  3277 | D:5      | Noticed Blork the orc
  3281 | D:5      | Killed Blork the orc
  3295 | D:5      | Found Xiczarer's Distillery.
  3642 | D:5      | Bought a potion of ambrosia for 96 gold pieces
  3642 | D:5      | Bought a potion of berserk rage for 60 gold pieces
  3642 | D:5      | Bought a potion of stabbing for 48 gold pieces
  3642 | D:5      | Bought a potion of heal wounds for 60 gold pieces
  3925 | D:6      | Found a staircase to the Ecumenical Temple.
  3964 | Temple   | Entered the Ecumenical Temple
  4028 | Temple   | Became a worshipper of Warmaster Okawaru
  4181 | D:6      | Found a sacrificial altar of Ru.
  4440 | D:7      | Reached skill level 7 in Fighting
  4511 | D:7      | Found a shadowy altar of Dithmenos.
  4530 | D:7      | Reached * piety under Okawaru
  4668 | D:7      | Reached skill level 1 in Axes
  4797 | D:7      | Reached XP level 9. HP: 23/81 MP: 8/8
  4966 | D:7      | Found a sacrificial altar of Ru.
  5016 | D:7      | Reached skill level 5 in Armour
  5020 | D:7      | Reached skill level 8 in Fighting
  5085 | D:7      | Found an ornate altar of the Wu Jian Council.
  5191 | D:7      | Found Qadeimuf's Antique Armour Boutique.
  5433 | D:7      | Reached ** piety under Okawaru
  6240 | D:8      | Reached skill level 1 in Throwing
  6405 | D:8      | Reached skill level 10 in Crossbows
  6586 | D:8      | Noticed a two-headed ogre
  6591 | D:8      | Killed a two-headed ogre
  6591 | D:8      | Reached skill level 9 in Fighting
  6804 | D:8      | Found a burning altar of Makhleb.
  6804 | D:8      | Found a shimmering altar of Xom.
  6826 | D:8      | Reached XP level 10. HP: 89/89 MP: 9/9
  7226 | D:4      | Killed RUZZLEFAZAZZLE's ghost
  7450 | D:9      | Reached *** piety under Okawaru
  7481 | D:9      | Reached skill level 5 in Axes
  7724 | D:9      | Reached skill level 1 in Shields
  8054 | D:10     | Entered Level 10 of the Dungeon
  8092 | D:10     | Reached skill level 10 in Fighting
  8445 | D:10     | Reached **** piety under Okawaru
  8474 | D:10     | Received a gift from Okawaru
  8761 | D:10     | Found a staircase to the Lair.
  8770 | D:10     | Received a gift from Okawaru
  8770 | D:10     | Reached skill level 1 in Invocations
  8786 | D:10     | Reached XP level 11. HP: 32/99 MP: 10/10
  9061 | D:10     | Received a gift from Okawaru
  9061 | D:10     | Reached skill level 11 in Fighting
  9896 | D:11     | Found a flagged portal.
  9955 | Bailey   | Entered a bailey
 10036 | Bailey   | Reached ***** piety under Okawaru
 10040 | Bailey   | Noticed an orc knight
 10231 | Bailey   | Killed an orc knight
 10231 | Bailey   | Reached skill level 10 in Armour
 10251 | Bailey   | Identified the Grimoire of Orientation and Poisoning
 10254 | Bailey   | Got a pair of smoking boots
 10403 | D:11     | Identified the +2 pair of boots of Plog {rElec Str+2} (You
                  | found it in a bailey)
 10429 | D:11     | Found a staircase to the Orcish Mines.
 10705 | D:11     | Got an encrusted leather armour
 10710 | D:11     | Got a pair of bloodstained gloves
 10721 | D:11     | Identified the +1 leather armour of the Beginning {*Contam
                  | +Blink rElec} (You found it on level 11 of the Dungeon)
 10744 | D:11     | Identified the cursed +0 pair of gloves of Deacix {Harm
                  | Stlth+} (You found it on level 11 of the Dungeon)
 10804 | D:11     | Received a gift from Okawaru
 11191 | D:12     | Received a gift from Okawaru
 11424 | D:12     | Noticed a two-headed ogre
 11435 | D:12     | Killed a two-headed ogre
 11435 | D:12     | Reached skill level 5 in Shields
 11435 | D:12     | Reached skill level 1 in Evocations
 11453 | D:12     | Reached XP level 12. HP: 66/112 MP: 12/14
 11459 | D:12     | Reached skill level 12 in Fighting
 11673 | D:12     | Annihilated by a white ugly thing

Illustrated notes

Levels and vault maps discovered:
D:1:      roderic_crop_circles_arrival_small, layout_loops_ring
D:2:      layout_basic
D:3:      layout_loops_ring, grunt_temple_overflow_growth_and_decay,
          old_standard_altar
D:4:      minmay_diamond_boxcup, layout_cave_pools, kennysheep_mini_moat,
          gammafunk_ghost_split, first_ration
D:5:      layout_basic, minitemple, serial_shops, shop, gup_sewer_entry_bubbles,
          minmay_misc_feat_plants, uniq_blork_the_orc
D:6:      layout_basic, minmay_temple_entry_drinking_statues, basic_altar
D:7:      layout_loops_corners, nicolae_ru_path_of_blood, kennysheep_mini,
          serial_shops, nicolae_shop_statue_plus, lemuel_centaur_altar
D:8:      layout_layer_cave, grunt_temple_overflow_champion_of_chaos
D:9:      layout_basic
D:10:     layout_roguey, minmay_lair_entry_grove, hangedman_misty_isle
D:11:     layout_roguey, orc_0_dummy, enter_bailey_2
D:12:     layout_irregular_city, serial_bayou, serial_bayou_pond_d,
          serial_bayou_pond_d, serial_bayou_pond_a, serial_bayou_shore_b,
          serial_bayou_pond_a
Temple:   eino_temple_lava

Skill      XL: |  1  2  3  4  5  6  7  8  9 10 11 12 |
---------------+-------------------------------------+-----
Crossbows      | 5 6 7 8 9 10 | 10.8
Fighting       | 3 4 5 7 9 10 11 12 | 12.1
Stealth        | 1 |  1.6
Armour         | 1 2 4 7 9 10 | 10.5
Short Blades   | 1 2 3 |  3.4
Dodging        | 3 4 |  4.3
Axes           | 1 3 6 8 |  8.6
Throwing       | 2 |  2.7
Shields        | 2 5 |  5.2
Invocations    | 1 4 |  4.2
Evocations     | 1 |  1.3

Action                   |  1- 3 |  4- 6 |  7- 9 | 10-12 || total
-------------------------+-------+-------+-------+-------++-------
Melee: Short sword       |     2 |    12 |       |       ||    14
       Headbutt          |     1 |     9 |    26 |    74 ||   110
       Dagger            |       |    33 |    20 |       ||    53
       Hand crossbow     |       |     1 |       |       ||     1
       War axe           |       |       |    79 |   337 ||   416
 Fire: Hand crossbow     |    77 |    87 |   235 |   275 ||   674
Throw: Dart              |     1 |     1 |     6 |     1 ||     9
       Javelin           |       |       |    19 |     6 ||    25
       Boomerang         |       |       |     3 |     7 ||    10
Invok: Heroism           |       |       |       |     3 ||     3
 Abil: Evoke Blink       |       |       |       |     2 ||     2
Evoke: Wand              |       |       |       |     5 ||     5
  Use: Scroll            |       |     5 |     3 |     7 ||    15
       Potion            |       |     1 |     3 |     2 ||     6
 Stab: Invisible         |       |       |     1 |       ||     1
  Eat: Chunk             |     1 |     4 |    12 |     6 ||    23
       Ration            |       |       |     1 |     3 ||     4
Armor: Leather armour    |     1 |     7 |       |    25 ||    33
       Ring mail         |       |    25 |     6 |       ||    31
       Chain mail        |       |       |   115 |   118 ||   233
       Plate armour      |       |       |       |    72 ||    72
Dodge: Dodged            |    10 |    43 |    74 |   177 ||   304
Block: Buckler           |       |       |       |    69 ||    69
